[Event "RUS-ch Blitz Women 2018"]
[Site "Sochi"]
[Date "2018.10.07"]
[Round "1"]
[White "Kashlinskaya, Alina"]
[Black "Sirotkina, Nina"]
[Result "0-1"]
[ECO "D35"]
[WhiteElo "2447"]
[BlackElo "2188"]
[Annotator "NA"]
[PlyCount "138"]
[EventDate "2018.10.07"]
[EventType "swiss"]
[EventCountry "RUS"]
[SourceTitle "playchess.com"]
[Source "ChessBase"]
[SourceQuality "1"]
[TimeControl "180+2"]

1. d4 Nf6 2. c4 e6 3. Nc3 d5 4. cxd5 exd5 5. Bg5 c6 6. e3 Be7 7. Qc2 O-O 8. Bd3 Nbd7 9. Nge2 Re8 10. O-O Nf8 11. f3 g6 12. Rad1 Ne6 13. Bh4 Ng7 14. e4 Be6 15. Qd2 Nd7 16. Bxe7 Qxe7 17. Rde1 Rad8 18. Qh6 Qf8 19. Nf4 Nf6 20. Qh4 Nfh5 21. Nxh5 Nxh5 22. e5 Ng7 23. g4 Qb4 24. Qf2 b6 25. a3 Qf8 26. b4 f5 27. Ne2 f4 28. Qh4 Qf7 29. Qf6 Rf8 30. g5 Nh5 31. Qxf7+ Rxf7 32. Rc1 Bd7 33. Rc3 Ng7 34. Rfc1 Ne6 35. h4 Ra8 36. Kf2 a5 37. h5 Kg7 38. hxg6 hxg6 39. Rh1 axb4 40. axb4 Ra2 41. Rh6 Nxd4 42. Rxg6+ Kf8 43. Rd6 Bf5 44. e6 Bxe6 45. Ke1 Nxe2 46. Bxe2 Bd7 47. Kf1 Rh7 48. Ke1 Rh1+ 49. Bf1 Ra1+ 50. Kd2 Rhxf1 51. Rxd7 Rfd1+ 52. Ke2 Re1+ 53. Kf2 Rf1+ 54. Kg2 Rg1+ 55. Kf2 Rgf1+ 56. Kg2 Rg1+ 57. Kf2 Rgf1+ 58. Ke2 Rfe1+ 59. Kd2 Rad1+ 60. Kc2 Rc1+ 61. Kb2 Rxc3 62. Kxc3 Re3+ 63. Kd4 Rxf3 64. Ke5 Rb3 65. Kf6 Ke8 66. Rh7 f3 67. g6 f2 68. Rh1 Rf3+ 69. Ke6 f1=Q 0-1

[Event "RUS-ch Blitz Women 2018"]
[Site "Sochi"]
[Date "2018.10.07"]
[Round "1"]
[White "Vasilevich, Tatjana"]
[Black "Pavlova, Natalia"]
[Result "1-0"]
[ECO "D30"]
[WhiteElo "2360"]
[BlackElo "1978"]
[Annotator "NA"]
[PlyCount "39"]
[EventDate "2018.10.07"]
[EventType "swiss"]
[EventCountry "RUS"]
[SourceTitle "playchess.com"]
[Source "ChessBase"]
[SourceQuality "1"]
[TimeControl "180+2"]

1. d4 d5 2. c4 c6 3. Nf3 Nf6 4. e3 e6 5. Nbd2 Be7 6. Bd3 O-O 7. O-O Nbd7 8. e4 dxe4 9. Nxe4 Nxe4 10. Bxe4 Nf6 11. Bc2 c5 12. Re1 b6 13. b3 Bb7 14. Bb2 Qc7 15. Qd3 Rfd8 16. d5 g6 17. Qe2 Bc8 18. dxe6 Bxe6 19. Ng5 Bd6 20. Bxf6 1-0

[Event "RUS-ch Blitz Women 2018"]
[Site "Sochi"]
[Date "2018.10.07"]
[Round "1"]
[White "Charochkina, Daria"]
[Black "Smirnova, Ekaterina"]
[Result "1-0"]
[ECO "D44"]
[WhiteElo "2344"]
[BlackElo "2202"]
[Annotator "NA"]
[PlyCount "73"]
[EventDate "2018.10.07"]
[EventType "swiss"]
[EventCountry "RUS"]
[SourceTitle "playchess.com"]
[Source "ChessBase"]
[SourceQuality "1"]
[TimeControl "180+2"]

1. d4 d5 2. c4 c6 3. Nc3 Nf6 4. Nf3 e6 5. Bg5 dxc4 6. a4 Bb4 $11 7. e4 Bxc3+ 8. bxc3 Qa5 9. e5 Ne4 10. Rc1 Nxg5 11. Nxg5 b5 12. Qh5 Qc7 13. Ne4 O-O 14. Be2 Nd7 15. O-O Bb7 16. f4 c5 17. Nd6 Bd5 18. f5 exf5 19. Nxf5 Nb6 20. Rf4 Be6 21. Nxg7 Kxg7 22. Qg5+ Kh8 23. Qf6+ Kg8 24. Rf3 Rfd8 25. Rcf1 Nd5 26. Rg3+ Kf8 27. Qh6+ Ke7 28. Bg4 Qc6 29. Qh4+ Ke8 30. Qxh7 a5 31. Bh5 Ra7 32. Rg8+ Kd7 33. Bxf7 Bxf7 34. Rxf7+ Kc8 35. Rxd8+ Kxd8 36. Rxa7 Ne3 37. Qg8+ 1-0

[Event "RUS-ch Blitz Women 2018"]
[Site "Sochi"]
[Date "2018.10.07"]
[Round "1"]
[White "Dordzhieva, Dinara"]
[Black "Faizutdinova, Diana"]
[Result "1-0"]
[ECO "E62"]
[WhiteElo "2340"]
[BlackElo "2061"]
[Annotator "NA"]
[PlyCount "101"]
[EventDate "2018.10.07"]
[EventType "swiss"]
[EventCountry "RUS"]
[SourceTitle "playchess.com"]
[Source "ChessBase"]
[SourceQuality "1"]
[TimeControl "180+2"]

1. Nf3 Nf6 2. c4 d6 3. d4 g6 4. g3 Bg7 5. Bg2 c6 6. Nc3 Bf5 7. O-O O-O 8. Nh4 Be6 9. b3 d5 10. cxd5 cxd5 11. Nf3 Nc6 12. h3 Ne4 13. Bb2 Nxc3 14. Bxc3 a5 15. Qd2 h6 16. Kh2 Qb6 17. Rfc1 Rfc8 18. e3 Bf5 19. Ne1 Be4 20. f3 Bf5 21. Nd3 Bxd3 22. Qxd3 Nb4 23. Qd2 e6 24. Rab1 Rc7 25. a3 Nc6 26. Qd3 Rac8 27. Bd2 Na7 28. a4 Bf8 29. e4 Rxc1 30. Rxc1 Rxc1 31. Bxc1 Nc6 32. exd5 exd5 33. Be3 Bg7 34. f4 Bxd4 35. Bxd5 Bxe3 36. Qxg6+ Kh8 37. Qxh6+ Kg8 38. Qg6+ Kh8 39. Bxf7 Bg1+ 40. Kh1 Ne7 41. Qh5+ Kg7 42. Bc4 Qc6+ 43. Kxg1 Qc5+ 44. Kg2 Qc6+ 45. Qf3 Qd6 46. Qc3+ Kf8 47. Qe3 Nf5 48. Qf2 Qc6+ 49. Kh2 Qe4 50. Qc5+ Kg7 51. Qe5+ 1-0

[Event "RUS-ch Blitz Women 2018"]
[Site "Sochi"]
[Date "2018.10.07"]
[Round "1"]
[White "Guseva, Marina"]
[Black "Kirchei, Viktoriia"]
[Result "1-0"]
[ECO "D45"]
[WhiteElo "2292"]
[BlackElo "2002"]
[Annotator "NA"]
[PlyCount "73"]
[EventDate "2018.10.07"]
[EventType "swiss"]
[EventCountry "RUS"]
[SourceTitle "playchess.com"]
[Source "ChessBase"]
[SourceQuality "1"]
[TimeControl "180+2"]

1. d4 d5 2. c4 e6 3. Nc3 c6 4. e3 Nf6 5. Nf3 Bd6 6. Bd3 dxc4 7. Bxc4 b5 8. Bd3 a6 9. a4 Bb7 10. O-O Nbd7 11. b3 O-O 12. Bb2 Bc7 13. Rc1 Rc8 14. Qe2 Nb6 15. Rfd1 Nbd5 16. Nxd5 Nxd5 17. Ne5 Bd6 18. g3 Nb4 19. Be4 Nd5 20. Bg2 f6 21. Nd3 bxa4 22. bxa4 Qb6 23. Nc5 Bxc5 24. Rxc5 Qb3 25. Qc2 Qb6 26. Ba3 Rfe8 27. Rb1 Qc7 28. e4 Ne7 29. d5 exd5 30. exd5 Qd7 31. d6 Ng6 32. Rc3 Re6 33. Qb3 Ba8 34. Bh3 f5 35. Bxf5 Kf7 36. Bxe6+ Qxe6 37. Rf3+ 1-0

[Event "RUS-ch Blitz Women 2018"]
[Site "Sochi"]
[Date "2018.10.07"]
[Round "1"]
[White "Maletina, Tatiana"]
[Black "Borisova, Ekaterina"]
[Result "1-0"]
[ECO "D11"]
[WhiteElo "2270"]
[BlackElo "2256"]
[Annotator "NA"]
[PlyCount "45"]
[EventDate "2018.10.07"]
[EventType "swiss"]
[EventCountry "RUS"]
[SourceTitle "playchess.com"]
[Source "ChessBase"]
[SourceQuality "1"]
[TimeControl "180+2"]

1. d4 d5 2. c4 c6 3. Nf3 Nf6 4. Qc2 dxc4 5. e4 b5 6. b3 cxb3 7. axb3 Bb7 8. Bd2 a5 9. Bd3 e6 10. O-O h6 11. Rd1 Nbd7 12. Qc1 Be7 13. Nc3 b4 14. Na4 O-O 15. Bxh6 c5 16. Bxg7 Kxg7 17. Qg5+ Kh8 18. Qh6+ Nh7 19. e5 f5 20. exf6 Ndxf6 21. Ne5 Qd5 22. Ng6+ Kg8 23. Nxe7+ 1-0

[Event "RUS-ch Blitz Women 2018"]
[Site "Sochi"]
[Date "2018.10.07"]
[Round "1"]
[White "Gubernatorova, Lyudmila"]
[Black "Voit, Daria"]
[Result "0-1"]
[ECO "A46"]
[WhiteElo "2200"]
[BlackElo "2352"]
[Annotator "NA"]
[PlyCount "74"]
[EventDate "2018.10.07"]
[EventType "swiss"]
[EventCountry "RUS"]
[SourceTitle "playchess.com"]
[Source "ChessBase"]
[SourceQuality "1"]
[TimeControl "180+2"]

1. d4 Nf6 2. Nf3 e6 3. e3 b6 4. Bd3 Bb7 5. O-O c5 6. c4 Be7 7. Nc3 cxd4 8. exd4 d5 9. cxd5 Nxd5 10. Bb5+ Bc6 11. Qe2 O-O 12. Bd2 Nxc3 13. bxc3 Bxb5 14. Qxb5 Qd7 15. Qh5 Nc6 16. Rfe1 Rac8 17. Re4 Bf6 18. Rae1 Ne7 19. g4 g6 20. Qh6 Bg7 21. Qh4 Nd5 22. Ne5 Qa4 23. g5 Qxa2 24. R1e2 Qb1+ 25. Kg2 Nxc3 26. Bxc3 Rxc3 27. R4e3 Rfc8 28. Ng4 Rc1 29. Nf6+ Bxf6 30. gxf6 Rg1+ 31. Kf3 Qf5+ 32. Qf4 Qh5+ 33. Ke4 Qd5+ 34. Kd3 Qb5+ 35. Ke4 Qc6+ 36. Kd3 Rd1+ 37. Rd2 Qb5+ 0-1

[Event "RUS-ch Blitz Women 2018"]
[Site "Sochi"]
[Date "2018.10.07"]
[Round "1"]
[White "Shafigullina, Zarina"]
[Black "Ambartsumova, Karina"]
[Result "0-1"]
[ECO "E62"]
[WhiteElo "2150"]
[BlackElo "2379"]
[Annotator "NA"]
[PlyCount "90"]
[EventDate "2018.10.07"]
[EventType "swiss"]
[EventCountry "RUS"]
[SourceTitle "playchess.com"]
[Source "ChessBase"]
[SourceQuality "1"]
[TimeControl "180+2"]

1. d4 Nf6 2. Nf3 g6 3. g3 Bg7 4. Bg2 O-O 5. O-O d6 6. c4 Nc6 $14 7. Nc3 e5 8. d5 Ne7 9. e4 Nd7 10. Ne1 f5 11. Nd3 Nf6 12. f4 fxe4 13. Nxe4 Nxe4 14. Bxe4 Nf5 15. fxe5 dxe5 16. Nc5 Qe7 17. Ne6 Bxe6 18. dxe6 c6 19. Qd7 Qxd7 20. exd7 Rad8 21. Bxf5 Rxf5 22. Be3 Rxd7 23. Bxa7 Rd2 24. Rxf5 gxf5 25. b3 Kf7 26. Be3 Re2 27. Bc5 Rd2 28. Rf1 Ke6 29. Rf2 Rd1+ 30. Kg2 e4 31. b4 Rc1 32. Rd2 Be5 33. Rd8 Rc2+ 34. Kh3 Rxa2 35. Re8+ Kf6 36. Rd8 Rc2 37. Rd7 Rxc4 38. Rxh7 Bd4 39. Bxd4+ Rxd4 40. Rxb7 e3 41. Rb6 e2 42. Rxc6+ Ke7 43. Rc7+ Rd7 44. Rc1 Rd1 45. Rc7+ Kd8 0-1

[Event "RUS-ch Blitz Women 2018"]
[Site "Sochi"]
[Date "2018.10.07"]
[Round "1"]
[White "Garifullina, Leya"]
[Black "Chernyak, Viktoria"]
[Result "1-0"]
[ECO "B27"]
[WhiteElo "2106"]
[BlackElo "2200"]
[Annotator "NA"]
[PlyCount "59"]
[EventDate "2018.10.07"]
[EventType "swiss"]
[EventCountry "RUS"]
[SourceTitle "playchess.com"]
[Source "ChessBase"]
[SourceQuality "1"]
[TimeControl "180+2"]

1. e4 c5 2. Nf3 g6 3. d4 cxd4 4. Qxd4 Nf6 5. Nc3 Nc6 6. Qa4 Bg7 7. e5 Ng8 8. Bf4 Nh6 9. Bd3 O-O 10. O-O Qb6 11. Nd5 Qd8 12. Rad1 b6 13. Be4 Bb7 14. Nb4 Qc8 15. Nxc6 dxc6 16. h3 Re8 17. Rd2 b5 18. Qa3 a5 19. Qc5 Qe6 20. b3 Red8 21. Rfd1 Rxd2 22. Rxd2 a4 23. Ng5 Qc8 24. Qxe7 Bf8 25. Qf6 axb3 26. axb3 c5 27. Bxb7 Qxb7 28. e6 fxe6 29. Qxe6+ Kh8 30. Rd7 1-0

[Event "RUS-ch Blitz Women 2018"]
[Site "Sochi"]
[Date "2018.10.07"]
[Round "1"]
[White "Mukhina, Jana"]
[Black "Shuvalova, Polina"]
[Result "0-1"]
[ECO "B31"]
[WhiteElo "2072"]
[BlackElo "2421"]
[Annotator "NA"]
[PlyCount "92"]
[EventDate "2018.10.07"]
[EventType "swiss"]
[EventCountry "RUS"]
[SourceTitle "playchess.com"]
[Source "ChessBase"]
[SourceQuality "1"]
[TimeControl "180+2"]

1. e4 c5 2. Nf3 Nc6 3. Bb5 g6 4. Bxc6 dxc6 5. d3 Bg7 6. h3 Nf6 7. Nc3 O-O 8. Be3 b6 9. Qd2 Nd7 10. Bh6 e5 11. Bxg7 Kxg7 12. O-O-O Qe7 13. Nh2 Nf6 14. g4 a5 15. f4 exf4 16. Qxf4 a4 17. h4 a3 18. b3 Be6 19. h5 Ng8 20. g5 f6 21. hxg6 fxg5 22. Qe5+ Qf6 23. Qc7+ Kxg6 24. d4 Rf7 25. Qg3 cxd4 26. e5 Qf4+ 27. Qxf4 Rxf4 28. Ne2 Rf2 29. Nxd4 Bd5 30. Ng4 Bxh1 31. Rxh1 Rf4 32. Nxc6 Rxg4 33. e6 Re8 34. Re1 Nf6 35. e7 Kf7 36. c4 Rf4 37. Rh1 h5 38. Rg1 g4 39. Rd1 Rf5 40. Rd6 Rc5 41. Nd4 Rxe7 42. Rxb6 Rce5 43. c5 Rxc5+ 44. Kd2 Rd5 45. Kd3 Red7 46. Rb4 g3 0-1

[Event "RUS-ch Blitz Women 2018"]
[Site "Sochi"]
[Date "2018.10.07"]
[Round "1"]
[White "Chan, Naruna"]
[Black "Maltsevskaya, Aleksandra"]
[Result "0-1"]
[ECO "B40"]
[WhiteElo "1967"]
[BlackElo "2290"]
[Annotator "NA"]
[PlyCount "68"]
[EventDate "2018.10.07"]
[EventType "swiss"]
[EventCountry "RUS"]
[SourceTitle "playchess.com"]
[Source "ChessBase"]
[SourceQuality "1"]
[TimeControl "180+2"]

1. e4 c5 2. Nf3 e6 3. g3 Nc6 4. Bg2 Nge7 5. O-O d5 6. exd5 exd5 7. d4 c4 8. Re1 g6 9. c3 Bg7 10. Ne5 O-O 11. Nd2 Be6 12. Ndf3 Qc8 13. Bf4 Bf5 14. Nh4 Be6 15. Qd2 Re8 16. Bh6 Bh8 17. Re2 Nxe5 18. dxe5 Nc6 19. f4 Qd8 20. Bg5 Qb6+ 21. Kh1 d4 22. cxd4 Nxd4 23. Rf2 Bg7 24. Rd1 Nb5 25. Nf3 c3 26. bxc3 Nxc3 27. Rdf1 Ne4 28. Qe1 Nxf2+ 29. Rxf2 Rac8 30. Nd2 h6 31. Bh4 Qa5 32. Qf1 Qa3 33. Ne4 Rc1 34. Nf6+ Bxf6 0-1

[Event "RUS-ch Blitz Women 2018"]
[Site "Sochi"]
[Date "2018.10.07"]
[Round "2"]
[White "Shuvalova, Polina"]
[Black "Mukhina, Jana"]
[Result "1-0"]
[ECO "C60"]
[WhiteElo "2421"]
[BlackElo "2072"]
[Annotator "NA"]
[PlyCount "63"]
[EventDate "2018.10.07"]
[EventType "swiss"]
[EventCountry "RUS"]
[SourceTitle "playchess.com"]
[Source "ChessBase"]
[SourceQuality "1"]
[TimeControl "180+2"]

1. e4 e5 2. Nf3 Nc6 3. Bb5 g6 4. d4 exd4 5. Bg5 Be7 6. Bxe7 Qxe7 7. Bxc6 dxc6 8. Qxd4 Nf6 9. Nc3 Bg4 10. Nd2 c5 11. Qe3 O-O-O 12. h3 Bd7 13. O-O-O Bc6 14. Rhe1 b6 15. f3 h5 16. Qg5 Rhe8 17. h4 Qe6 18. b3 Qe5 19. Qxe5 Rxe5 20. Nc4 Ree8 21. Rxd8+ Rxd8 22. Rd1 Rxd1+ 23. Kxd1 Nd7 24. Kd2 Kd8 25. Ke3 Ke7 26. Kf4 Kf6 27. Ne3 Ke6 28. Kg5 Nf8 29. Ncd5 Ke5 30. c3 Ne6+ 31. Kh6 Nf4 32. Nc4+ 1-0

[Event "RUS-ch Blitz Women 2018"]
[Site "Sochi"]
[Date "2018.10.07"]
[Round "2"]
[White "Ambartsumova, Karina"]
[Black "Shafigullina, Zarina"]
[Result "1-0"]
[ECO "A28"]
[WhiteElo "2379"]
[BlackElo "2150"]
[Annotator "NA"]
[PlyCount "131"]
[EventDate "2018.10.07"]
[EventType "swiss"]
[EventCountry "RUS"]
[SourceTitle "playchess.com"]
[Source "ChessBase"]
[SourceQuality "1"]
[TimeControl "180+2"]

1. c4 e5 2. Nc3 Nf6 3. Nf3 Nc6 4. a3 a5 5. e3 d5 6. cxd5 Nxd5 7. Qc2 Be7 8. Be2 O-O 9. O-O Bg4 10. d3 Kh8 11. Bd2 f5 12. Rfe1 Rb8 13. Rab1 Bf6 14. Rbd1 Re8 15. Nxd5 Qxd5 16. e4 Qf7 17. Bc3 Qg6 18. exf5 Bxf5 19. Nd2 Rbc8 20. Ne4 Nd4 21. Bxd4 exd4 22. Bf3 Be5 23. g3 Bg4 24. Bxg4 Qxg4 25. Qe2 Qg6 26. Qf1 c5 27. b3 b6 28. f4 Bb8 29. Qf3 b5 30. Rc1 Ba7 31. Kh1 h6 32. Rf1 Rc7 33. f5 Qc6 34. f6 gxf6 35. Qxf6+ Qxf6 36. Rxf6 c4 37. bxc4 bxc4 38. Nd6 Rb8 39. Nxc4 Rb3 40. Rd1 a4 41. Rxh6+ Kg7 42. Ra6 Rcb7 43. h4 Rb1 44. Rxb1 Rxb1+ 45. Kg2 Bc5 46. Rxa4 Rb3 47. Ra5 Be7 48. Ra7 Kf6 49. Ra6+ Kg7 50. Ne5 Bf6 51. Ng4 Be7 52. Nf2 Rxa3 53. Rxa3 Bxa3 54. Kf3 Kf6 55. Ke4 Bb2 56. Ng4+ Kg6 57. Ne5+ Kh5 58. Kf5 Bc1 59. Nf3 Be3 60. g4+ Kh6 61. Ke4 Bf2 62. h5 Be3 63. Nxd4 Bf2 64. Nf3 Bg3 65. d4 Bd6 66. d5 1-0

[Event "RUS-ch Blitz Women 2018"]
[Site "Sochi"]
[Date "2018.10.07"]
[Round "2"]
[White "Voit, Daria"]
[Black "Gubernatorova, Lyudmila"]
[Result "1-0"]
[ECO "A39"]
[WhiteElo "2352"]
[BlackElo "2200"]
[Annotator "NA"]
[PlyCount "153"]
[EventDate "2018.10.07"]
[EventType "swiss"]
[EventCountry "RUS"]
[SourceTitle "playchess.com"]
[Source "ChessBase"]
[SourceQuality "1"]
[TimeControl "180+2"]

1. Nf3 Nf6 2. c4 c5 3. Nc3 g6 4. g3 Bg7 5. Bg2 O-O 6. O-O Nc6 7. d4 cxd4 8. Nxd4 Nxd4 9. Qxd4 d6 10. Qd2 Be6 11. b3 Rb8 12. Bb2 a6 13. Rfd1 Qc8 14. Rac1 Bh3 15. Bh1 Qg4 16. Qe3 Qh5 17. Bf3 Bg4 18. Bh1 Be6 19. Bf3 Bg4 20. Nd5 Rfe8 21. Nxf6+ exf6 22. Bxg4 Qxg4 23. Qf3 Qxf3 24. exf3 Re2 25. Ba3 Rxa2 26. Bxd6 Re8 27. Re1 Ree2 28. Rxe2 Rxe2 29. Rd1 h5 30. Bc5 Rb2 31. Rd3 f5 32. h4 f4 33. Kg2 fxg3 34. Kxg3 Be5+ 35. Kg2 Kg7 36. Be3 Bf6 37. Kg3 Be5+ 38. f4 Bf6 39. Bc5 Rb1 40. Bb6 Rg1+ 41. Kf3 Rg4 42. Rd7 Rxh4 43. Kg3 Rg4+ 44. Kf3 g5 45. fxg5 Bxg5 46. Rxb7 Rf4+ 47. Kg2 Rg4+ 48. Kf3 Rf4+ 49. Kg2 Rg4+ 50. Kf1 h4 51. Bc7 h3 52. Rb6 a5 53. Rb5 Bf4 54. Bxf4 Rxf4 55. Kg1 h2+ 56. Kxh2 Rxf2+ 57. Kg3 Rb2 58. c5 Kf6 59. Kf4 Rf2+ 60. Ke4 Ke6 61. Rxa5 f5+ 62. Kd4 Rd2+ 63. Kc4 f4 64. Ra8 Rc2+ 65. Kb5 Kd5 66. b4 f3 67. Rd8+ Ke4 68. Rf8 f2 69. Kb6 Kd5 70. Rf7 Kc4 71. b5 Kb4 72. c6 Rc5 73. Rf4+ Rc4 74. Rxf2 Rh4 75. Rf5 Rh7 76. c7 Rh8 77. Kb7 1-0

[Event "RUS-ch Blitz Women 2018"]
[Site "Sochi"]
[Date "2018.10.07"]
[Round "2"]
[White "Maltsevskaya, Aleksandra"]
[Black "Chan, Naruna"]
[Result "1-0"]
[ECO "A27"]
[WhiteElo "2290"]
[BlackElo "1967"]
[Annotator "NA"]
[PlyCount "65"]
[EventDate "2018.10.07"]
[EventType "swiss"]
[EventCountry "RUS"]
[SourceTitle "playchess.com"]
[Source "ChessBase"]
[SourceQuality "1"]
[TimeControl "180+2"]

1. c4 e5 2. Nc3 Nc6 3. Nf3 d6 4. g3 f5 5. d3 Be7 6. Bg2 Nf6 7. O-O O-O 8. a3 a5 9. Rb1 Kh8 10. b4 axb4 11. axb4 Qe8 12. b5 Nb8 13. Nd2 Nbd7 14. Nb3 Nc5 15. Nxc5 dxc5 16. Nd5 Nxd5 17. cxd5 Bd7 18. b6 Qd8 19. bxc7 Qxc7 20. Qb3 Rfb8 21. Be3 Bd6 22. Qb6 Qxb6 23. Rxb6 Bc7 24. Rb2 b6 25. d6 Bxd6 26. Bxa8 Rxa8 27. Rxb6 Bf8 28. Rfb1 Kg8 29. Rb7 Be6 30. Rc7 Ra5 31. f3 h6 32. Rb8 Ra1+ 33. Kf2 1-0

[Event "RUS-ch Blitz Women 2018"]
[Site "Sochi"]
[Date "2018.10.07"]
[Round "2"]
[White "Borisova, Ekaterina"]
[Black "Maletina, Tatiana"]
[Result "0-1"]
[ECO "C18"]
[WhiteElo "2256"]
[BlackElo "2270"]
[Annotator "NA"]
[PlyCount "95"]
[EventDate "2018.10.07"]
[EventType "swiss"]
[EventCountry "RUS"]
[SourceTitle "playchess.com"]
[Source "ChessBase"]
[SourceQuality "1"]
[TimeControl "180+2"]

1. e4 e6 2. d4 d5 3. Nc3 Bb4 4. e5 c5 5. a3 Bxc3+ 6. bxc3 Qa5 7. Bd2 Qa4 8. Qg4 Kf8 9. Qd1 Nc6 10. Qb1 c4 11. f4 Nge7 12. Be2 h5 13. Nf3 b6 14. Nh4 Nf5 15. Nxf5 exf5 16. O-O Be6 17. Qb2 Ke7 18. Rfb1 Kd7 19. Qb5 Qxb5 20. Rxb5 h4 21. a4 Rag8 22. Kf2 Rh6 23. Bf3 Kc7 24. Bxd5 a6 25. Bxe6 axb5 26. Bxf7 Ra8 27. d5 Nd8 28. d6+ Kd7 29. Bd5 Rxa4 30. Rb1 Ra2 31. Rxb5 Rxc2 32. Ke3 g5 33. fxg5 Rg6 34. Bxc4 Rxg5 35. Bd3 Ra2 36. Be1 Raxg2 37. Bxh4 f4+ 38. Kd4 Rh5 39. Bxd8 Kxd8 40. Rxb6 Rh6 41. Rb8+ Kd7 42. Bb5+ Ke6 43. Re8+ Kf7 44. d7 Rd2+ 45. Bd3 Rh3 46. d8=Q Rhxd3+ 47. Ke4 Rxd8 48. Rxd8 0-1

[Event "RUS-ch Blitz Women 2018"]
[Site "Sochi"]
[Date "2018.10.07"]
[Round "2"]
[White "Smirnova, Ekaterina"]
[Black "Charochkina, Daria"]
[Result "0-1"]
[ECO "A80"]
[WhiteElo "2202"]
[BlackElo "2344"]
[Annotator "NA"]
[PlyCount "78"]
[EventDate "2018.10.07"]
[EventType "swiss"]
[EventCountry "RUS"]
[SourceTitle "playchess.com"]
[Source "ChessBase"]
[SourceQuality "1"]
[TimeControl "180+2"]

1. d4 f5 2. Nc3 Nf6 3. Bg5 c6 4. Qd3 d5 5. f3 e6 6. e3 b5 7. Nge2 Be7 8. Nf4 O-O 9. Be2 h6 10. Bxf6 Bxf6 11. Ng6 Re8 12. f4 b4 13. Na4 Ba6 14. Qd2 Bxe2 15. Qxe2 Nd7 16. O-O c5 17. Ne5 Bxe5 18. fxe5 c4 19. b3 Rc8 20. Rad1 Qa5 21. Rf3 Qd8 22. Rg3 Qe7 23. bxc4 Rxc4 24. Nb2 Rc3 25. Nd3 Rec8 26. Rd2 Nf8 27. Qh5 Qf7 28. Qxh6 Rxc2 29. Rxc2 Rxc2 30. Nf4 Rc1+ 31. Kf2 Qc7 32. Qg5 Rc2+ 33. Ne2 Rxa2 34. h4 b3 35. h5 b2 36. h6 b1=Q 37. hxg7 Rxe2+ 38. Kxe2 Qcc2+ 39. Kf3 Qf1# 0-1

[Event "RUS-ch Blitz Women 2018"]
[Site "Sochi"]
[Date "2018.10.07"]
[Round "2"]
[White "Chernyak, Viktoria"]
[Black "Garifullina, Leya"]
[Result "1-0"]
[ECO "A06"]
[WhiteElo "2200"]
[BlackElo "2106"]
[Annotator "NA"]
[PlyCount "139"]
[EventDate "2018.10.07"]
[EventType "swiss"]
[EventCountry "RUS"]
[SourceTitle "playchess.com"]
[Source "ChessBase"]
[SourceQuality "1"]
[TimeControl "180+2"]

1. Nf3 d5 2. g3 Nf6 3. Bg2 e6 4. O-O Be7 5. c4 O-O 6. d3 c5 7. cxd5 exd5 8. a3 Nc6 9. Qc2 Be6 10. e4 dxe4 11. dxe4 h6 12. Be3 Rc8 13. Rd1 Qa5 14. Nc3 Qa6 15. h3 c4 16. Nd4 Nxd4 17. Bxd4 Nd7 18. Kh2 Bc5 19. f4 f6 20. Qf2 Bxd4 21. Rxd4 Nc5 22. Rad1 Nd3 23. Qd2 Qb6 24. Ne2 Qxb2 25. Rxd3 Qxd2 26. R3xd2 c3 27. Rd6 Bb3 28. Rc1 c2 29. Nd4 Ba4 30. Nf5 Rc3 31. Rd2 b5 32. Nd4 Rfc8 33. e5 fxe5 34. fxe5 a5 35. Bd5+ Kh8 36. e6 b4 37. axb4 axb4 38. e7 b3 39. Bxb3 Be8 40. Rdxc2 Rxc2+ 41. Rxc2 Rxc2+ 42. Nxc2 Kh7 43. Nd4 Kg6 44. Ne6 Kf6 45. Nc7 Kxe7 46. Nxe8 Kxe8 47. g4 Ke7 48. Kg3 Kf6 49. Kf4 Kg6 50. h4 Kh7 51. Ke5 Kh8 52. Bc2 Kg8 53. Bg6 Kh8 54. Kd6 Kg8 55. Ke7 Kh8 56. Kf8 h5 57. Bxh5 Kh7 58. Bf7 Kh8 59. Ba2 Kh7 60. Kf7 Kh8 61. Bb3 Kh7 62. Ba4 Kh8 63. Kg6 Kg8 64. h5 Kh8 65. Kf7 Kh7 66. Bb5 Kh8 67. Kg6 Kg8 68. Bd3 Kh8 69. Kf7 g5 70. Kf6 1-0

[Event "RUS-ch Blitz Women 2018"]
[Site "Sochi"]
[Date "2018.10.07"]
[Round "2"]
[White "Sirotkina, Nina"]
[Black "Kashlinskaya, Alina"]
[Result "1-0"]
[ECO "A45"]
[WhiteElo "2188"]
[BlackElo "2447"]
[Annotator "NA"]
[PlyCount "73"]
[EventDate "2018.10.07"]
[EventType "swiss"]
[EventCountry "RUS"]
[SourceTitle "playchess.com"]
[Source "ChessBase"]
[SourceQuality "1"]
[TimeControl "180+2"]

1. d4 Nf6 2. Bf4 g6 3. Nd2 d5 4. e3 Bg7 5. h3 O-O 6. Ngf3 b6 7. Bd3 c5 8. c3 Ba6 9. Bxa6 Nxa6 10. Qe2 Nb8 11. O-O Nc6 12. Ne5 Nxe5 13. Bxe5 Qd7 14. Rfd1 Qc6 15. Nf3 a5 16. a4 c4 17. Ne1 b5 18. axb5 Qxb5 19. Ra2 Nd7 20. Bxg7 Kxg7 21. Rda1 Rfb8 22. e4 e6 23. exd5 exd5 24. Nc2 Re8 25. Qf3 Nf6 26. Ne3 Ne4 27. h4 h5 28. Qf4 Ra6 29. Qc7 Rf6 30. f3 Nxc3 31. bxc3 Rxe3 32. Qxa5 Qd7 33. Qb4 Qf5 34. Ra8 Rfe6 35. Qf8+ Kf6 36. Qh8+ Ke7 37. Qd8# 1-0

[Event "RUS-ch Blitz Women 2018"]
[Site "Sochi"]
[Date "2018.10.07"]
[Round "2"]
[White "Faizutdinova, Diana"]
[Black "Dordzhieva, Dinara"]
[Result "0-1"]
[ECO "A13"]
[WhiteElo "2061"]
[BlackElo "2340"]
[Annotator "NA"]
[PlyCount "44"]
[EventDate "2018.10.07"]
[EventType "swiss"]
[EventCountry "RUS"]
[SourceTitle "playchess.com"]
[Source "ChessBase"]
[SourceQuality "1"]
[TimeControl "180+2"]

1. c4 e6 2. e4 c5 3. Nc3 Nc6 4. Nf3 Nf6 5. Be2 Nd4 6. O-O d6 7. d3 Nxe2+ 8. Nxe2 Be7 9. b3 e5 10. Nc3 O-O 11. h3 h6 12. Nd5 Nxd5 13. cxd5 f5 14. Re1 Qe8 15. Nh2 Qg6 16. f4 fxe4 17. fxe5 Bxh3 18. g4 Bh4 19. Re3 Bf2+ 20. Kh1 Bxe3 21. Bxe3 exd3 22. e6 Qe4+ 0-1

[Event "RUS-ch Blitz Women 2018"]
[Site "Sochi"]
[Date "2018.10.07"]
[Round "2"]
[White "Kirchei, Viktoriia"]
[Black "Guseva, Marina"]
[Result "1-0"]
[ECO "A00"]
[WhiteElo "2002"]
[BlackElo "2292"]
[Annotator "NA"]
[PlyCount "121"]
[EventDate "2018.10.07"]
[EventType "swiss"]
[EventCountry "RUS"]
[SourceTitle "playchess.com"]
[Source "ChessBase"]
[SourceQuality "1"]
[TimeControl "180+2"]

1. d3 d5 2. g3 Nf6 3. Bg2 c6 4. Nd2 h6 5. e3 Bg4 6. Ne2 e6 7. h3 Bf5 8. O-O Be7 9. f4 Bc5 10. Nb3 Bb6 11. Kh2 O-O 12. g4 Bh7 13. Ng3 Nbd7 14. Qe2 e5 15. f5 e4 16. d4 Bc7 17. Qf2 Bd6 18. Kh1 Qc7 19. Ne2 b6 20. c3 c5 21. Nd2 cxd4 22. cxd4 Rac8 23. Nb3 a5 24. Bd2 a4 25. Rac1 Qb7 26. Na1 Rxc1 27. Rxc1 Rc8 28. Nc3 a3 29. bxa3 Bxa3 30. Rb1 Qc6 31. Rb3 Bd6 32. Nc2 Bb8 33. Nb4 Qd6 34. Bf1 h5 35. g5 Ne8 36. Nb5 Qe7 37. Be2 Qxg5 38. Nxd5 Bxf5 39. Qxf5 Qxf5 40. Ne7+ Kf8 41. Nxf5 Rc2 42. Bb4+ Kg8 43. Ne7+ Kh7 44. Bxh5 g6 45. Bg4 f5 46. Nxf5 Ndf6 47. Ne7 Nxg4 48. hxg4 Nf6 49. g5 Ng4 50. Rb1 Rh2+ 51. Kg1 Bg3 52. Be1 Bb8 53. d5 Nxe3 54. d6 Rg2+ 55. Kh1 Rh2+ 56. Kxh2 Ng4+ 57. Kg3 Ne5 58. Kf4 Nf7 59. Kxe4 Nxd6+ 60. Nxd6 Bxd6 61. Rxb6 1-0